 Dungeon Crawl Stone Soup version 0.28.0-53-g5a82cb258f (webtiles) character file.

Game seed: 5108915977957728035

195696 dvaradkin the Impaler (level 18, -1/126 (134) HPs)
             Began as a Merfolk Ice Elementalist on July 2, 2022.
             Was a High Priest of Nemelex Xobeh.
             Slain by a pharaoh ant (9 damage)
             ... on level 2 of the Spider Nest on July 3, 2022.
             The game lasted 09:13:40 (58345 turns).

dvaradkin the Impaler (Merfolk Ice Elementalist)   Turns: 58345, Time: 09:13:40

HP:   -1/126 (134)  AC: 14    Str: 22    XL:     18   Next: 34%
MP:   19/27         EV: 13    Int: 27    God:    Nemelex Xobeh [*****.]
Gold: 1545          SH: 13    Dex: 14    Spells: 2/29 levels left

rFire   + + +      SeeInvis .   H - +11 spear of Ritec {venom, Str+5}
rCold   + + +      Faith    .   Y - +2 kite shield {AC+3}
rNeg    . . .      Spirit   .   B - +3 swamp dragon scales
rPois   +          Reflect  .   d - +0 helmet "Zoclan" {rF+ Str+4}
rElec   .          Harm     .   K - scarf {rC+ rF+}
rCorr   +          Rampage  .   Q - +2 pair of gloves
Will    +....                   I - +0 pair of boots
Stlth   ..........              c - amulet of the Assorted Beasts {RegenMP rF+ rCorr Int+3 Stlth-}
HPRegen 0.31/turn               X - ring of ice
MPRegen 0.60/turn               C - ring "Sureovvirr" {rF++ rC+ Int+6}

@: about to teleport, corroded, studying Bows, drained, invisible
A: (nimble swimmer 2), mertail
}: 1/15 runes: decaying
a: Renounce Religion, Draw Escape, Draw Destruction, Draw Summoning, Triple
Draw, Deal Four, Stack Five


You were on level 2 of the Spider Nest.
You worshipped Nemelex Xobeh.
Nemelex Xobeh was extremely pleased with you.
You visited 6 branches of the dungeon, and saw 31 of its levels.

You collected 4653 gold pieces.
You spent 3108 gold pieces at shops.

Inventory:

Hand Weapons
 l - the +8 short sword "Ypuima" {holy, Int+5}
   (You found it on level 5 of the Dungeon)

   It has been blessed by the Shining One to cause great damage to the undead
   and demons.
   Int:       It affects your intelligence (+5).
 H - the +11 spear of Ritec (weapon) {venom, Str+5}
   (You found it on level 8 of the Dungeon)

   It poisons the flesh of those it strikes.
   Str:       It affects your strength (+5).
Armour
 d - the +0 helmet "Zoclan" (worn) {rF+ Str+4}
   (You found it on level 5 of the Lair of Beasts)

   Str:       It affects your strength (+4).
   rF:        It protects you from fire.
 B - +3 swamp dragon scales (worn)
 G - +5 steam dragon scales
 I - a +0 pair of boots (worn)
 K - a scarf of resistance (worn)
 Q - a +2 pair of gloves (worn)
 Y - a +2 kite shield of protection (worn)
Jewellery
 c - the amulet of the Assorted Beasts (around neck) {RegenMP rF+ rCorr Int+3 Stlth-}
   (You found it on level 5 of the Lair of Beasts)

   [amulet of magic regeneration]

   It increases your rate of magic regeneration.
   Int:       It affects your intelligence (+3).
   rF:        It protects you from fire.
   rCorr:     It protects you from acid and corrosion.
   Stlth:     It makes you less stealthy.
 k - an amulet of reflection
 p - the ring of Cicvistot {rN+ Will+ Str+3}
   (You acquired it on level 12 of the Dungeon)

   [ring of willpower]

   Str:       It affects your strength (+3).
   rN:        It protects you from negative energy.
   Will:      It increases your willpower.
 q - a ring of magical power
 t - a ring of protection from cold
 C - the ring "Sureovvirr" (right hand) {rF++ rC+ Int+6}
   (You acquired it on level 5 of the Lair of Beasts)

   [ring of intelligence]

   Int:       It affects your intelligence (+6).
   rF:        It greatly protects you from fire.
   rC:        It protects you from cold.
 X - a ring of ice (left hand)
Wands
 a - a wand of acid (6)
 r - a wand of polymorph (28)
 M - a wand of mindburst (21)
 O - a wand of paralysis (9)
 P - a wand of digging (28)
 T - a wand of charming (11)
 W - a wand of flame (39) (quivered)
 Z - a wand of iceblast (8)
Scrolls
 b - 5 scrolls of fog
 e - 5 scrolls of teleportation
 j - 7 scrolls of enchant weapon
 n - 4 scrolls of amnesia
 v - 6 scrolls of magic mapping
 w - 3 scrolls of immolation
 y - 8 scrolls of vulnerability
 D - a scroll of silence
 E - 8 scrolls of fear
 L - a scroll of enchant armour
 N - 11 scrolls of identify
Potions
 f - 2 potions of flight
 h - a potion of magic
 i - 6 potions of attraction
 m - 3 potions of brilliance
 o - 8 potions of lignification
 s - a potion of berserk rage
 z - 2 potions of invisibility
 F - a potion of resistance
 J - 5 potions of cancellation
 S - 3 potions of might
 U - 8 potions of curing
 V - 2 potions of haste
Miscellaneous
 g - a tin of tremorstones (2/2)
 u - a lightning rod (4/4)
 x - a box of beasts
 A - a phantom mirror


   Skills:
 - Level 10.0 Fighting
 - Level 4.0 Short Blades
 - Level 20.0 Polearms
 - Level 8.0 Dodging
 - Level 2.1 Stealth
 - Level 10.0 Shields
 - Level 6.0 Spellcasting
 - Level 6.0 Conjurations
 - Level 8.0 Hexes
 - Level 8.0 Transmutations
 - Level 14.5 Ice Magic
 + Level 5.0 Air Magic
 - Level 10.0 Poison Magic
 - Level 10.0 Invocations
 - Level 15.0 Evocations


You had 2 spell levels left.
You knew the following spells:

 Your Spells              Type           Power      Damage    Failure   Level
a - Frozen Ramparts       Ice            100%       1d12      1%          3
b - Freezing Cloud        Conj/Ice/Air   34%        6-21      21%         5
c - Ignite Poison         Fire/Tmut/Pois 40%        N/A       6%          3
d - Hailstorm             Conj/Ice       77%        3d16      3%          4
e - Apportation           Tloc           16%        N/A       24%         1
f - Slow                  Hex            100%       N/A       1%          1
g - Confusing Touch       Hex            50%        N/A       2%          3
h - Olgreb's Toxic Radia  Pois           58%        N/A       3%          4
x - Ozocubu's Armour      Ice            92%        N/A       1%          3

Your spell library contained the following spells:

 Spells                   Type           Power      Damage    Failure   Level
 Freeze                   Ice            100%       1d11      1%          1
 Magic Dart               Conj           100%       1d8       1%          1
 Sting                    Tmut/Pois      100%       1d8       1%          1
 Ensorcelled Hibernation  Hex/Ice        100%       N/A       1%          2
 Poisonous Vapours        Pois/Air       96%        N/A       1%          2
 Static Discharge         Conj/Air       37%        N/A       3%          2
 Passwall                 Tmut/Erth      24%        N/A       7%          2
 Animate Skeleton         Necr           16%        N/A       24%         1
 Pain                     Necr           32%        1d5       24%         1
 Sandblast                Erth           16%        2d6       24%         1
 Summon Small Mammal      Summ           32%        N/A       24%         1
 Call Imp                 Summ           8%         N/A       34%         2
 Spider Form              Tmut/Pois      54%        N/A       1%          3
 Mephitic Cloud           Conj/Pois/Air  46%        N/A       4%          3
 Stone Arrow              Conj/Erth      48%        3d10      21%         3
 Airstrike                Air            17%        N/A       30%         4
 Anguish                  Hex/Necr       14%        N/A       41%         4
 Iskenderun's Battlesphe  Conj           40%        2d9       50%         5
 Gell's Gravitas          Tloc           8%         N/A       56%         3
 Lesser Beckoning         Tloc           8%         N/A       56%         3
 Teleport Other           Tloc           8%         N/A       56%         3
 Vampiric Draining        Necr           8%         2d6       56%         3
 Sticky Flame             Conj/Fire      24%        2d5       56%         4
 Lightning Bolt           Conj/Air       18%        1d33      56%         5
 Summon Lightning Spire   Summ/Air       21%        N/A       63%         4
 Fireball                 Conj/Fire      12%        3d7       88%         5
 Simulacrum               Ice/Necr       31%        N/A       88%         6
 Dispel Undead            Necr           8%         3d8       93%         4
 Conjure Ball Lightning   Conj/Air       18%        3x3d6     98%         6
 Agony                    Necr           8%         N/A       100%        5
 Excruciating Wounds      Necr           4%         N/A       100%        5
 Orb of Destruction       Conj           20%        9d8       100%        7
 Polar Vortex             Ice            46%        N/A       100%        9


Dungeon Overview and Level Annotations

Branches:
Dungeon (15/15)            Temple (1/1) D:7            Lair (6/6) D:8
  Swamp (4/4) Lair:2       Spider (3/4) Lair:4        Slime (0/5) Lair:6
    Orc (2/2) D:10            Elf (0/3) Orc:2        Vaults (0/5) D:13
 Depths (0/4) D:15

Altars:
Ashenzari
Cheibriados
Dithmenos
Elyvilon
Fedhas
Gozag
Hepliaklqana
Kikubaaqudgha
Makhleb
Nemelex Xobeh
Okawaru
Qazlal
Ru
Sif Muna
Trog
Uskayaw
Vehumet
Wu Jian
Xom
Yredelemnul
Zin
The Shining One
Beogh

Shops:
D:3 ?   D:5 [   D:8 !   D:9 *   D:13 *   Orc:1 ?   Orc:2 *:*(

Annotations:
D:8 1 exclusion


Innate Abilities, Weirdness & Mutations

((You are very nimble when in or above water. (Stealth+, EV+, Speed+++)))
Your lower body shifts to a powerful aquatic tail in water.


Message History

The entropy weaver seems to burn from within!
The entropy weaver is heavily wounded.
The meliai seems to burn from within!
The meliai is severely wounded.
The wall freezes the pharaoh ant.
The pharaoh ant bites you.
You feel drained.
The wall freezes the broodmother.
The broodmother bites you!
A spider bursts forth from the wound!
A meliai comes into view. It is wielding a +0 hand axe.
The wall freezes the pharaoh ant.
The pharaoh ant bites you!!
* * * LOW HITPOINT WARNING * * *
You feel drained.
* * * LOW HITPOINT WARNING * * *
Your icy armour and frozen ramparts will break if you move.
Continue?
You block the jumping spider's attack. The jumping spider barely misses you.
The wall freezes the jumping spider.
The jumping spider leaps!
The wall freezes the pharaoh ant.
The pharaoh ant bites you but does no damage.
The wall freezes the broodmother.
You block the broodmother's attack.
The wall freezes the wolf spider.
The wolf spider hits you!
* * * LOW HITPOINT WARNING * * *
The wolf spider bites you.
* * * LOW HITPOINT WARNING * * *
The meliai mumbles some strange prayers to its god against you.
Something smites you!
* * * LOW HITPOINT WARNING * * *
The jumping spider misses you.
The jumping spider bites you but does no damage.
The frozen ramparts melt away.
You climb upwards.
The wolf spider disappears in a puff of smoke!
The jumping spider disappears in a puff of smoke! x2
Your icy armour cracks and falls away as you move.
There is a stone staircase leading down here.
You fade into invisibility!
The pharaoh ant barely misses you. x2
You block the pharaoh ant's attack.
As you read the scroll of teleportation, it crumbles to dust.
You feel strangely unstable. The pharaoh ant misses you.
The pharaoh ant bites you!
You die...
Your body glows with a rainbow of weird colours and disappears.

####...^#......##[##)†(
#..##...#......#....(.[
###..†...#......#....))[
##.##.†......######'###8#
##...#####....##...†..#..^
#....#........#[......).).
#)...##.s>....##...†..#.).
######....#####s.######...##'#
#..#.##.^....@B..#^.###...#...
#.....###.........^##.#...#...
###....#....#####..#^.##[##...
#..#..######.........#####..^
######....#.##.........#.[....
##.........:..###.......##[....
#......####)...#^..###..#.^#.#.
##.....#.......#####..^....###.
########^.###..†..##...}...#..


You could see a broodmother and a pharaoh ant.

Vanquished Creatures
  Nikola (Swamp:4)
  A tentacled monstrosity (Swamp:2)
  2 thorn hunters
  Kirke (Swamp:4)
  A fenstrider witch (Swamp:2)
  A ghoul (Swamp:3)
  4 eleionomae
  A broodmother (Spider:2)
  3 bunyips
  A spark wasp (Spider:1)
  2 fire dragons
  A shambling mangrove (Swamp:4)
  An ice dragon (D:15)
  6 boulder beetles
  A catoblepas (Lair:6)
  40 hydras
  2 ghost crabs
  8 centaur warriors
  4 two-headed ogres
  16 alligators
  8 dancing weapons
  A death knight (D:15)
  A death scarab (Spider:1)
  3 spriggan berserkers
  5 death yaks (Lair:6)
  8 orc high priests (Orc:2)
  The ghost of kalagan the Thaumaturge, a journeyman DECj of Sif Muna (D:11)
  Nergalle (Lair:3)
  2 deep elf knights
  A fire crab (Lair:5)
  2 pharaoh ants (Spider:1)
  2 goliath frogs (Swamp:2)
  5 skeletal warriors (D:15)
  An iron troll (Swamp:1)
  2 steelbarb worms (Spider:1)
  3 orb spiders
  2 bog bodies
  4 spriggan druids
  8 swamp dragons
  An obsidian statue (D:10)
  3 wolf spider zombies (Spider:1)
  An orange crystal statue (D:9)
  An orc knight (D:13)
  3 deep elf pyromancers
  5 spectral wolf spiders (Spider:1)
  A lindwurm (Lair:6)
  2 deep elf zephyrmancers (D:13)
  10 wolf spiders
  An orc sorcerer (Orc:1)
  2 cyclopes
  9 will-o-the-wisps
  3 manticores
  A moth of wrath (Spider:2)
  An ugly thing (D:11)
  12 elephants
  2 molten gargoyles (Lair:6)
  9 black mambas
  2 gargoyles
  7 cane toads
  2 freezing wraiths (D:11)
  3 demonic crawlers
  2 unseen horrors
  An efreet (D:13)
  2 kobold demonologists
  A rime drake (Lair:4)
  11 komodo dragons
  3 yaktaurs (D:13)
  6 meliai
  3 trolls
  A tarantella (shapeshifter) (D:13)
  11 tyrant leeches
  Prince Ribbit (D:5)
  4 wolf spider simulacra (Spider:1)
  8 hornets
  18 tarantellas
  6 dream sheep (Lair:1)
  A slime creature (D:12)
  13 blink frogs
  9 culicivoras
  12 jumping spiders
  8 spriggans
  5 shadows
  5 wyverns
  3 vampires
  47 yaks
  A water elemental (D:15)
  3 wraiths (D:12)
  4 fire bats (D:8)
  A basilisk (Lair:5)
  A hog (Swamp:3)
  33 redbacks
  11 vampire mosquitoes
  Menkaure (D:4)
  3 steam dragons
  21 swamp worms
  10 wargs
  Edmund (D:4)
  Duvessa (D:4)
  An acid dragon (D:9)
  4 hell hounds
  17 water moccasins
  16 swamp drakes
  A sky beast (D:5)
  27 orc warriors
  A black bear (D:6)
  3 necrophages
  6 wolves (Lair:1)
  4 ogres
  22 centaurs
  5 kobold brigands
  15 bullfrogs
  4 gnoll sergeants
  3 scorpions
  Dowan (D:4)
  A hornet simulacrum (D:14)
  A water moccasin skeleton (D:5)
  10 killer bees (D:9)
  3 wights (D:6)
  3 howler monkeys (D:14)
  4 electric eels
  5 centaur zombies
  6 lava snakes
  2 bullfrog skeletons
  5 hounds
  A jelly (D:7)
  39 orc priests
  An iguana (Lair:2)
  Ijyb (D:4)
  Jessica (D:2)
  12 hell rats
  12 orc wizards
  A killer bee zombie (D:7)
  2 hound skeletons (D:4)
  2 howler monkey zombies
  Robin (D:3)
  28 gnolls
  4 adders
  2 shadow imps (D:6)
  2 white imps (D:6)
  2 worms
  3 dart slugs (D:1)
  97 orcs
  4 ball pythons
  6 bats
  6 endoplasms
  A giant cockroach (D:1)
  12 goblins
  7 hobgoblins
  4 jackals (D:4)
  5 quokkas
  4 frilled lizards
  A jackal zombie (D:3)
  22 kobolds
  2 rats
  10 briar patches (Lair:5)
  3 fire vortices (D:8)
978 creatures vanquished.

Vanquished Creatures (collateral kills)
  The ghost of H0rd4k the Nimble, an adept HuAr of Gozag (Swamp:1)
  An emperor scorpion (Spider:2)
  A ghoul (Swamp:3)
  A catoblepas (Lair:6)
  A death scarab (Spider:1)
  A pharaoh ant (Spider:3)
  A demonic crawler (Spider:3)
  A culicivora (Spider:2)
  A jumping spider (Spider:3)
  A gnoll shaman (D:5)
  A hell rat (Lair:6)
11 creatures vanquished.

Vanquished Creatures (others)
  2 bloated husks
  5 humans (Swamp:4)
  2 kobolds (D:8)
  A briar patch (Lair:5)
  66 foxfires
  61 fungi
  74 plants
211 creatures vanquished.

Grand Total: 1200 creatures vanquished

Notes
Turn   | Place    | Note
-------+----------+-------------------------------------------
     0 | D:1      | dvaradkin the Merfolk Ice Elementalist began the quest for
                  | the Orb.
     0 | D:1      | Reached XP level 1. HP: 13/13 MP: 3/3
   277 | D:1      | Reached XP level 2. HP: 19/19 MP: 3/5
   356 | D:1      | Reached skill level 5 in Ice Magic
   784 | D:1      | Reached XP level 3. HP: 22/24 MP: 2/6
  1002 | D:1      | Learned a level 3 spell: Ozocubu's Armour
  1559 | D:2      | Noticed Jessica
  1886 | D:2      | Reached XP level 4. HP: 30/30 MP: 4/7
  1890 | D:2      | Learned a level 3 spell: Frozen Ramparts
  2302 | D:3      | Noticed Robin
  2343 | D:3      | Killed Robin
  3175 | D:3      | Reached XP level 5. HP: 35/35 MP: 2/9
  3818 | D:3      | Found Holanlerr's Magic Scroll Boutique.
  3904 | D:3      | Bought a scroll of blinking for 82 gold pieces
  3904 | D:3      | Bought a scroll of magic mapping for 38 gold pieces
  3965 | D:3      | Found a sparkling altar of Nemelex Xobeh.
  3969 | D:3      | Became a worshipper of Nemelex Xobeh the Trickster
  4326 | D:2      | Killed Jessica
  4327 | D:2      | Reached skill level 2 in Polearms
  4513 | D:4      | Noticed Ijyb
  4521 | D:4      | Killed Ijyb
  4522 | D:4      | Reached skill level 3 in Polearms
  4582 | D:4      | Reached skill level 4 in Polearms
  4682 | D:4      | Reached skill level 1 in Fighting
  4682 | D:4      | Reached XP level 6. HP: 36/43 MP: 3/10
  4885 | D:3      | Bought a scroll of identify for 22 gold pieces
  4885 | D:3      | Bought a scroll of identify for 22 gold pieces
  5012 | D:4      | Noticed Dowan
  5035 | D:4      | Noticed Duvessa
  5108 | D:4      | Killed Duvessa
  5221 | D:4      | Killed Dowan
  5359 | D:4      | Noticed Edmund
  5366 | D:4      | Killed Edmund
  5367 | D:4      | Reached XP level 7. HP: 54/54 MP: 0/11
  6137 | D:4      | Noticed Menkaure
  6705 | D:5      | Entered Level 5 of the Dungeon
  6715 | D:5      | Reached skill level 5 in Invocations
  6759 | D:5      | Reached XP level 8. HP: 55/60 MP: 9/12
  6857 | D:5      | Noticed Prince Ribbit
  6879 | D:5      | Killed Prince Ribbit
  7000 | D:5      | Reached * piety under Nemelex Xobeh
  7109 | D:5      | Found Kasuk's Armour Emporium.
  7290 | D:5      | Reached skill level 1 in Short Blades
  7303 | D:5      | Received a gift from Nemelex Xobeh
  7384 | D:5      | Identified the +8 short sword "Ypuima" {holy, Int+5}
  7558 | D:5      | Reached XP level 9. HP: 39/72 MP: 3/13
  8259 | D:4      | Killed Menkaure
  9236 | D:7      | Received a gift from Nemelex Xobeh
  9237 | D:7      | Found a transporter.
  9369 | D:7      | Reached ** piety under Nemelex Xobeh
  9370 | D:7      | Found a transporter.
  9609 | D:7      | Found a staircase to the Ecumenical Temple.
 10308 | Temple   | Entered the Ecumenical Temple
 10896 | D:8      | Noticed a komodo dragon
 10952 | D:8      | Reached skill level 10 in Ice Magic
 11039 | D:8      | Reached XP level 10. HP: 54/80 MP: 10/15
 11197 | D:8      | Noticed a manticore
 11676 | D:8      | Noticed a two-headed ogre
 11785 | D:3      | Bought a scroll of identify for 22 gold pieces
 11785 | D:3      | Bought a scroll of magic mapping for 38 gold pieces
 11785 | D:3      | Bought a scroll of blinking for 82 gold pieces
 11785 | D:3      | Bought a scroll of immolation for 38 gold pieces
 12167 | D:7      | Killed a two-headed ogre
 12350 | D:8      | Killed a manticore
 12453 | D:8      | Found a staircase to the Lair.
 12642 | D:8      | Reached skill level 10 in Invocations
 12844 | D:8      | Found Sukhlen's Distillery.
 12851 | D:8      | Bought a potion of degeneration for 11 gold pieces
 12898 | D:8      | Received a gift from Nemelex Xobeh
 13140 | D:8      | Identified the +11 spear of Ritec {venom, Str+5}
 13154 | D:8      | Reached *** piety under Nemelex Xobeh
 13324 | D:8      | Reached skill level 1 in Shields
 13765 | Lair:1   | Entered Level 1 of the Lair of Beasts
 13793 | Lair:1   | Noticed a cane toad
 13803 | Lair:1   | Killed a cane toad
 13879 | Lair:1   | Reached skill level 5 in Shields
 13895 | Lair:1   | Reached XP level 11. HP: 67/86 MP: 12/18
 13985 | Lair:1   | Noticed a four-headed hydra
 14103 | Lair:1   | Noticed a four-headed hydra
 14120 | Lair:1   | Killed a four-headed hydra
 14234 | Lair:1   | Killed a four-headed hydra
 14977 | Lair:1   | Received a gift from Nemelex Xobeh
 14988 | Lair:1   | Reached skill level 10 in Shields
 15102 | Lair:1   | Reached skill level 5 in Polearms
 15128 | D:8      | Reached skill level 6 in Polearms
 15443 | Lair:1   | Noticed a four-headed hydra
 15453 | Lair:1   | Killed a four-headed hydra
 15454 | Lair:1   | Reached skill level 8 in Polearms
 15587 | Lair:1   | Reached skill level 9 in Polearms
 15587 | Lair:1   | Reached XP level 12. HP: 90/92 MP: 13/19
 16087 | Lair:2   | Received a gift from Nemelex Xobeh
 16096 | Lair:2   | Noticed a seven-headed hydra
 16108 | Lair:2   | Killed a seven-headed hydra
 16109 | Lair:2   | Reached skill level 10 in Polearms
 16248 | Lair:2   | Found a staircase to the Swamp.
 16409 | Lair:2   | Found a transporter.
 16411 | Lair:2   | Found a transporter.
 16412 | Lair:2   | Noticed a boulder beetle
 16681 | Lair:2   | Reached **** piety under Nemelex Xobeh
 16894 | Lair:2   | Reached skill level 11 in Polearms
 17035 | Lair:3   | Noticed a six-headed hydra
 17049 | Lair:2   | Killed a six-headed hydra
 17249 | Lair:3   | Reached skill level 12 in Polearms
 17286 | Lair:3   | Learned a level 3 spell: Ignite Poison
 17350 | Lair:3   | Received a gift from Nemelex Xobeh
 17381 | Lair:3   | Reached skill level 1 in Transmutations
 17402 | Lair:3   | Reached skill level 5 in Spellcasting
 17638 | Lair:3   | Noticed a six-headed hydra
 17653 | Lair:3   | Killed a six-headed hydra
 17748 | Lair:3   | Noticed a five-headed hydra
 17761 | Lair:3   | Killed a five-headed hydra
 17762 | Lair:3   | Reached skill level 5 in Transmutations
 17944 | Lair:3   | Noticed Nergalle
 18104 | Lair:3   | Received a gift from Nemelex Xobeh
 18491 | Lair:3   | Killed Nergalle
 18713 | D:5      | Bought a +0 buckler for 63 gold pieces
 19130 | Lair:4   | Reached skill level 1 in Poison Magic
 19376 | Lair:4   | Reached ***** piety under Nemelex Xobeh
 19566 | Lair:4   | Reached XP level 13. HP: 98/98 MP: 13/20
 19779 | Lair:4   | Reached skill level 5 in Poison Magic
 20254 | Lair:4   | Found a hole to the Spider Nest.
 21040 | Lair:5   | Received a gift from Nemelex Xobeh
 21129 | Lair:5   | Found a transporter.
 21600 | Lair:5   | Received a gift from Nemelex Xobeh
 21742 | Lair:5   | Learned a level 4 spell: Hailstorm
 21746 | Lair:5   | Learned a level 3 spell: Mephitic Cloud
 22059 | Lair:5   | Found a transporter.
 22316 | Lair:5   | Identified 2 scrolls of acquirement
 22318 | Lair:5   | Acquired 1213 gold pieces
 22320 | Lair:5   | Acquired the ring "Sureovvirr" {rF++ rC+ Int+6}
 23050 | Lair:5   | Reached skill level 1 in Conjurations
 23547 | Lair:5   | HP: 2/101 [poison (dark miasma)]
 23925 | Lair:5   | Identified the amulet of the Assorted Beasts {RegenMP rF+
                  | rCorr Int+3 Stlth-}
 23930 | Lair:5   | Identified the +0 helmet "Zoclan" {rF+ Str+4}
 24088 | D:8      | Bought a potion of curing for 33 gold pieces
 24088 | D:8      | Bought a potion of curing for 33 gold pieces
 24088 | D:8      | Bought a potion of curing for 33 gold pieces
 24088 | D:8      | Bought a potion of might for 44 gold pieces
 24090 | D:8      | Bought a potion of haste for 110 gold pieces
 24644 | Lair:6   | Entered Level 6 of the Lair of Beasts
 24826 | Lair:6   | Reached skill level 10 in Fighting
 25258 | Lair:6   | Reached skill level 5 in Dodging
 25400 | Lair:6   | Found a large runed translucent door.
 25458 | Lair:6   | Found a large runed translucent door.
 25463 | Lair:6   | Noticed a fire dragon
 25615 | Lair:6   | Reached XP level 14. HP: 65/110 MP: 15/21
 25840 | Lair:6   | Found a staircase to the Slime Pits.
 26195 | Lair:6   | Received a gift from Nemelex Xobeh
 26486 | Lair:6   | Received a gift from Nemelex Xobeh
 27377 | D:9      | Received a gift from Nemelex Xobeh
 27701 | D:9      | Found Adusalag's General Store.
 27705 | D:9      | Bought a scroll of identify for 32 gold pieces
 27705 | D:9      | Bought a scroll of enchant armour for 120 gold pieces
 27934 | D:9      | Received a gift from Nemelex Xobeh
 28132 | D:10     | Entered Level 10 of the Dungeon
 28749 | D:10     | Reached skill level 1 in Evocations
 29370 | D:10     | Found a staircase to the Orcish Mines.
 29450 | D:10     | Identified the +6 lajatang "Sownanim" {elec, rPois rC+
                  | Dex-4}
 29867 | Orc:1    | Entered Level 1 of the Orcish Mines
 30419 | Orc:1    | Found Jaonn's Magic Scroll Shop.
 30515 | Orc:1    | Received a gift from Nemelex Xobeh
 30686 | Orc:2    | Entered Level 2 of the Orcish Mines
 30938 | Orc:2    | Reached skill level 5 in Evocations
 31899 | Orc:2    | Found Rorchet's Assorted Antiques.
 31899 | Orc:2    | Found Pethuru's Book Shop.
 32035 | Orc:2    | Found a staircase to the Elven Halls.
 32107 | Orc:2    | Found Noyrghitu's General Store.
 32127 | Orc:2    | Found Gilluont's Antique Weapon Shop.
 32321 | Orc:2    | Bought a manual of Evocations for 1200 gold pieces
 32330 | Orc:2    | Bought a lightning rod (4/4) for 1050 gold pieces
 32330 | Orc:2    | Bought a wand of flame (14) for 35 gold pieces
 32439 | Orc:2    | Reached XP level 15. HP: 107/115 MP: 24/24
 32529 | Orc:2    | Received a gift from Nemelex Xobeh
 33072 | Swamp:1  | Entered Level 1 of the Swamp
 33275 | Swamp:1  | Found a runed translucent door.
 33278 | Swamp:1  | Found a shimmering altar of Xom.
 33278 | Swamp:1  | Noticed H0rd4k's ghost (adept HuAr)
 33644 | Swamp:1  | Noticed a fenstrider witch
 33646 | Swamp:1  | a fenstrider witch changed into an iron troll
 33715 | Swamp:1  | Reached skill level 10 in Evocations
 34821 | Swamp:2  | Noticed a tentacled monstrosity
 35347 | Swamp:2  | Killed a tentacled monstrosity
 36558 | Swamp:2  | Received a gift from Nemelex Xobeh
 36786 | Swamp:2  | Noticed a fenstrider witch
 36801 | Swamp:2  | Paralysed by a fenstrider witch for 2 turns
 37339 | Swamp:2  | Killed a fenstrider witch
 37342 | Swamp:2  | Learned a level 1 spell: Slow
 37571 | Swamp:1  | Learned a level 3 spell: Confusing Touch
 37574 | Swamp:1  | Learned a level 2 spell: Ensorcelled Hibernation
 37663 | Swamp:2  | Reached skill level 15 in Evocations
 37751 | Swamp:2  | Reached skill level 1 in Hexes
 38808 | Swamp:3  | Received a gift from Nemelex Xobeh
 38821 | Swamp:3  | Reached skill level 5 in Hexes
 39079 | Swamp:3  | Reached XP level 16. HP: 122/122 MP: 25/25
 39856 | Swamp:3  | Identified the +7 broad axe of Erghomp {flame, Dex+3
                  | Stlth+}
 39895 | Swamp:3  | Noticed a thorn hunter
 39906 | Swamp:3  | Killed a thorn hunter
 40748 | Swamp:3  | Reached skill level 13 in Polearms
 40986 | Swamp:4  | Entered Level 4 of the Swamp
 41487 | Swamp:4  | Noticed Nikola
 41502 | Swamp:4  | Killed Nikola
 41892 | Swamp:3  | Reached skill level 14 in Polearms
 42275 | Swamp:4  | Noticed Kirke
 42324 | Swamp:4  | Killed Kirke
 42389 | Swamp:4  | Reached skill level 15 in Polearms
 43069 | Swamp:4  | Reached skill level 16 in Polearms
 43630 | Swamp:4  | Got a decaying rune of Zot
 44020 | Swamp:4  | Received a gift from Nemelex Xobeh
 44242 | Swamp:4  | Reached skill level 17 in Polearms
 45010 | Swamp:4  | HP: 5/112 [shot self (4)]
 45473 | Swamp:4  | Noticed a thorn hunter
 45473 | Swamp:4  | a shambling mangrove changed into a thorn hunter
 45641 | Swamp:4  | Killed a thorn hunter
 46081 | D:11     | Learned a level 1 spell: Apportation
 46167 | D:11     | Found a shadowy altar of Dithmenos.
 46643 | D:11     | Reached skill level 18 in Polearms
 46800 | D:11     | Received a gift from Nemelex Xobeh
 46852 | D:11     | Found a runed translucent gate.
 46852 | D:11     | Found a runed translucent gate.
 46852 | D:11     | Found a runed translucent gate.
 46858 | D:11     | Noticed kalagan's ghost (journeyman DECj)
 46880 | D:11     | Killed kalagan's ghost
 46887 | D:11     | Reached XP level 17. HP: 73/128 MP: 26/26
 47627 | D:12     | Found a blossoming altar of Fedhas.
 47808 | D:12     | Received a gift from Nemelex Xobeh
 47849 | D:12     | Identified the +0 pair of gloves "Xyt Meco" {rF++ Regen+
                  | Dex-5 Stlth+}
 48051 | D:12     | Reached skill level 19 in Polearms
 48384 | D:12     | Acquired the ring of Cicvistot {rN+ Will+ Str+3}
 48402 | D:12     | Learned a level 5 spell: Freezing Cloud
 48987 | D:12     | Received a gift from Nemelex Xobeh
 49314 | D:13     | Found Qailuf's Mass Market.
 49692 | D:13     | Reached skill level 20 in Polearms
 49825 | D:13     | Received a gift from Nemelex Xobeh
 49860 | D:13     | Identified the +7 morningstar "Atoqu" {drain, *Noise rPois
                  | rN+ Stlth+}
 50035 | D:13     | Found a gate to the Vaults.
 51341 | D:14     | Received a gift from Nemelex Xobeh
 51682 | D:15     | Entered Level 15 of the Dungeon
 52054 | D:15     | Received a gift from Nemelex Xobeh
 52848 | D:15     | Found a staircase to the Depths.
 53383 | Spider:1 | Entered Level 1 of the Spider Nest
 53383 | Spider:1 | Received a gift from Nemelex Xobeh
 53624 | Lair:4   | Learned a level 4 spell: Olgreb's Toxic Radiance
 54207 | Spider:1 | Received a gift from Nemelex Xobeh
 55451 | Spider:1 | Reached skill level 10 in Poison Magic
 55458 | Spider:1 | Reached skill level 1 in Air Magic
 56098 | Spider:2 | Reached XP level 18. HP: 116/134 MP: 25/27
 56313 | Spider:2 | Found a runed translucent door.
 57236 | Swamp:1  | Killed H0rd4k's ghost
 57466 | Spider:2 | Reached skill level 5 in Conjurations
 57475 | Spider:2 | Received a gift from Nemelex Xobeh
 58337 | Spider:3 | Reached skill level 5 in Air Magic
 58338 | Spider:3 | HP: 5/126 [meliai/divine providence (15)]
 58345 | Spider:2 | Slain by a pharaoh ant

Illustrated notes

Levels and vault maps discovered:
D:1:      dpeg_arrival_water_fire, layout_basic, minivault_14
D:2:      layout_rooms, uniq_jessica
D:3:      cheibrodos_old_hovel, layout_basic, nemelex_diamond_rough_becter,
          serial_shops, nicolae_shop_hallway_plus, roderic_lattice_a, uniq_robin
D:4:      layout_loops_ring, uniq_edmund, uniq_ijyb, uniq_duvessa, uniq_menkaure
D:5:      layout_rooms, serial_shops, nicolae_shop_stone, uniq_prince_ribbit1
D:6:      layout_rooms
D:7:      gammafunk_steamed_eel, layout_basic, minmay_temple_entry_antechambers
D:8:      layout_loops_ring, grunt_lair_entry_orc_guard_hut, serial_shops, shop,
          hangedman_incinerator
D:9:      layout_loops_ring, serial_shops, kennysheep_mini, minivault_16
D:10:     layout_cave_pools, erik_orc_2, minmay_misc_feat_rows, minivault_15
D:11:     layout_rooms, gammafunk_ghost_spectres, serial_co_window_serial,
          co_window_corner_a, co_window_corner_a, co_window_of_opportunity_a,
          co_window_corner_a, co_window_corner_a, co_window_broadway_c,
          co_window_broadway_b, co_window_of_opportunity_c, co_window_corner_b,
          co_window_corner_b, co_window_unsneaky_path_e, co_window_2corner,
          grunt_dithmenos_smoke
D:12:     minmay_the_grid_square_5x5_3x3
          [minmay_the_grid_square_5x5_three_small,
          minmay_the_grid_square_5x5_tetrominoes,
          minmay_the_grid_square_5x5_minimal,
          minmay_the_grid_square_5x5_pentomino_r,
          minmay_the_grid_square_5x5_megaprize_hollow,
          minmay_the_grid_square_5x5_checkered_sparse,
          minmay_the_grid_square_5x5_longway,
          minmay_the_grid_square_5x5_beaten_path,
          minmay_the_grid_square_5x5_intrusive_squares], layout_basic,
          special_room [special_room_orc], fedhas_bush_and_centaur_altar
D:13:     layout_small_grid, hangedman_vaults_entry_quadrant_bands,
          minmay_shop_mass
D:14:     layout_roguey, nicolae_two_hexagons
D:15:     grunt_enter_depths_hoard, layout_basic, serial_bayou_shore_a
Temple:   compressed_dpeg_triangle_lava_temple
Lair:1:   layout_chaotic_city, st_stairs_9
Lair:2:   gammafunk_boulding_lane, layout_gridlike, minmay_swamp_entry_reptiles
Lair:3:   layout_hall_layers, uniq_nergalle
Lair:4:   layout_gridlike, spider_nest_entry_funnel_web
Lair:5:   gammafunk_worm_tunnel, layout_cave_pods, minivault_19
Lair:6:   cheibrodos_lair_end_hotspot, layout_regular_city, slime_dummy
Swamp:1:  layout_basic_swamp, ebering_ghost_xom, evilmike_swamp_ruin_house_5,
          infiniplex_staircase_pool_2
Swamp:2:  cheibrodos_swamp_heart_of_darkness, layout_basic_swamp,
          evilmike_swamp_ruin_house_3
Swamp:3:  layout_basic_swamp, nicolae_swamp_triple_paths
Swamp:4:  swamp_basic_johnstein, layout_basic_swamp, uniq_kirke, uniq_nikola
Spider:1: layout_cave_pods, drop_trap, nicolae_spider_undead_wolf_pack
Spider:2: cheibrodos_spider_deadly_dance
Spider:3: layout_spider_delve, uniq_arachne
Orc:1:    layout_caves, basic_altar, serial_shops, nicolae_shop_crystal
Orc:2:    st_orc_town, layout_caves, nooodl_orcs_dogs

Skill      XL: |  1  2  3  4  5  6  7  8  9 10 11 12 13 14 15 16 17 18 |
---------------+-------------------------------------------------------+-----
Ice Magic      | 5 6 10 12 14 | 14.5
Spellcasting   | 3 5 6 |  6.0
Polearms       | 4 9 12 18 20 | 20.0
Fighting       | 1 4 7 8 10 | 10.0
Invocations    | 2 5 6 10 | 10.0
Short Blades   | 4 |  4.0
Shields        | 5 10 | 10.0
Transmutations | 8 |  8.0
Poison Magic   | 4 8 10 | 10.0
Conjurations   | 4 6 |  6.0
Dodging        | 6 8 |  8.0
Evocations     | 7 15 | 15.0
Hexes          | 5 8 |  8.0
Air Magic      | 2 5 |  5.0
Stealth        | |  2.1

Action                   |  1- 3 |  4- 6 |  7- 9 | 10-12 | 13-15 | 16-18 || total
-------------------------+-------+-------+-------+-------+-------+-------++-------
Melee: Unarmed           |     3 |       |       |       |       |       ||     3
       Dagger            |     9 |    28 |    68 |       |       |       ||   105
       Spear             |       |    60 |   117 |   410 |  1177 |  1230 ||  2994
       Punch             |       |     2 |     2 |     1 |       |       ||     5
       Short sword       |       |       |    55 |       |    13 |    46 ||   114
       Tailslap          |       |       |       |       |     4 |    16 ||    20
       Lajatang          |       |       |       |       |     5 |       ||     5
Throw: Dart              |     1 |     4 |     8 |     6 |       |       ||    19
 Cast: Freeze            |    51 |    26 |    33 |     6 |     1 |       ||   117
       Ozocubu's Armour  |       |    14 |    20 |    52 |   104 |   131 ||   321
       Frozen Ramparts   |       |    14 |    22 |    55 |    44 |    67 ||   202
       Ignite Poison     |       |       |       |       |    36 |    74 ||   110
       Hailstorm         |       |       |       |       |    15 |     7 ||    22
       Mephitic Cloud    |       |       |       |       |    16 |       ||    16
       Confusing Touch   |       |       |       |       |       |     5 ||     5
       Olgreb's Toxic Ra |       |       |       |       |       |    11 ||    11
       Ensorcelled Hiber |       |       |       |       |       |     2 ||     2
Invok: Draw Destruction  |       |       |     7 |     2 |    12 |    19 ||    40
       Draw Summoning    |       |       |     1 |       |     2 |     9 ||    12
       Draw Escape       |       |       |     1 |       |       |       ||     1
       Triple Draw       |       |       |       |     2 |    12 |     2 ||    16
Evoke: Wand              |       |       |       |     4 |    19 |    31 ||    54
       Tin of tremorston |       |       |       |       |     3 |     5 ||     8
       Lightning rod     |       |       |       |       |     8 |    17 ||    25
  Use: Scroll            |     2 |     5 |     6 |     8 |    14 |    15 ||    50
       Potion            |       |     1 |       |     2 |     8 |     7 ||    18
 Stab: Sleeping          |     3 |     1 |     3 |     2 |     2 |     4 ||    15
       Confused          |       |       |       |       |     5 |     3 ||     8
       Distracted        |       |       |       |       |     1 |     4 ||     5
       Paralysed         |       |       |       |       |       |     6 ||     6
Armor: Robe              |     8 |    15 |       |       |       |       ||    23
       Animal skin       |       |    14 |    51 |       |       |       ||    65
       Skin              |       |     1 |       |       |       |       ||     1
       Steam dragon scal |       |       |       |    90 |   253 |   184 ||   527
       Swamp dragon scal |       |       |       |       |    68 |   438 ||   506
Dodge: Dodged            |    38 |    60 |   102 |   118 |   458 |   558 ||  1334
Block: Other             |       |    17 |    46 |    29 |       |       ||    92
       Reflection        |       |       |     1 |     2 |    26 |    25 ||    54
       Kite shield       |       |       |       |   157 |   484 |   890 ||  1531
       Buckler           |       |       |       |     8 |   151 |       ||   159
